 Dungeon Crawl Stone Soup version 0.24-a0-446-g87df7205b4 (webtiles) character file.

Game seed: 2961053962081873446

220691 vurker the Severer (level 19, -4/235 HPs)
             Began as a Formicid Fighter on June 23, 2019.
             Was a Priest of Qazlal.
             Slain by an alligator snapping turtle (35 damage)
             ... on level 4 of the Shoals.
             The game lasted 01:32:04 (45114 turns).

vurker the Severer (Formicid Fighter)              Turns: 45114, Time: 01:32:04

Health: -4/235     AC: 29    Str: 36    XL:     19   Next: 94%
Magic:  20/31      EV:  2    Int:  8    God:    Qazlal [***...]
Gold:   3138       SH: 19    Dex: 14    Spells: 18/18 levels left

rFire    + . .     SeeInvis .   a - +2 battleaxe (flame)
rCold    + + .     Gourm    .   s - +1 shield
rNeg     + + +     Faith    +   (armour currently unavailable)
rPois    +         Spirit   .   (helmet unavailable)
rElec    .         Reflect  .   (cloak currently unavailable)
rCorr    .         Harm     .   (gloves currently unavailable)
MR       +....     Clarity  +   (boots currently unavailable)
Stlth    +.........             o - amulet of faith {!P}
HPRegen  0.49/turn              i - ring of protection from fire
MPRegen  0.22/turn              w - ring of Xir Ahoe {rC++ Dex+2 Stlth-}

@: mighty, tree-form
A: permanent stasis, dig shafts and tunnels, four strong arms, thin skeletal
structure 1, clarity, strong 1, evolution 1, MP-powered wands
}: 1/15 runes: serpentine
a: Upheaval, Elemental Force, Renounce Religion


You were on level 4 of the Shoals.
You worshipped Qazlal.
Qazlal was most pleased with you.
You were not hungry.
You were a tree.
You visited 5 branches of the dungeon, and saw 31 of its levels.
You also visited: Ice Cave and Volcano.

You collected 3363 gold pieces.
You spent 225 gold pieces at shops.

Inventory:

Hand Weapons
 a - a +2 battleaxe of flaming (weapon)
   (You took it off an orc warrior on level 2 of the Orcish Mines)
Missiles
 y - 4 throwing nets (quivered) {!f}
Armour
 b - a +0 pair of gloves of archery (melded)
   (You bought it in a shop on level 2 of the Orcish Mines)
 d - the +0 pair of boots "Quqi Vu Bont" (melded) {rF+}
   (You acquired it on level 1 of the Lair of Beasts)

   It protects you from fire.
 q - the +0 cloak of Tegg (melded) {MR+ rCorr}
   (You found it on level 9 of the Dungeon)

   It affects your resistance to hostile enchantments.
   It provides partial protection from all sources of acid and corrosion.
 s - a +1 shield (worn)
 J - a +6 plate armour of fire resistance (melded)
   (You found it in a volcano)
Jewellery
 i - a ring of protection from fire (left branch)
   (You found it on level 1 of the Lair of Beasts)
 o - an amulet of faith (around neck) {!P}
   (You found it on level 9 of the Dungeon)
 w - the ring of Xir Ahoe (right branch) {rC++ Dex+2 Stlth-}
   (You took it off a gnoll on level 9 of the Dungeon)

   [ring of attention]

   It affects your dexterity (+2).
   It greatly protects you from cold.
   It makes you less stealthy.
 H - an uncursed ring of resist corrosion
   (You found it on level 15 of the Dungeon)
Wands
 c - a wand of disintegration (37)
   (You found it on level 11 of the Dungeon)
 j - a wand of clouds (3)
   (You found it on level 3 of the Dungeon)
 r - a wand of polymorph (9)
   (You found it in an ice cave)
 t - a wand of flame (2)
   (You took it off an orc on level 8 of the Dungeon)
 u - a wand of paralysis (29)
   (You found it on level 5 of the Dungeon)
 v - a wand of digging (15)
   (You found it on level 13 of the Dungeon)
 x - a wand of acid (21)
   (You found it on level 10 of the Dungeon)
 z - a wand of enslavement (14)
   (You found it on level 15 of the Dungeon)
Scrolls
 g - 18 scrolls of remove curse {@r2}
 k - a scroll of fog
 l - 8 scrolls of identify {@r1}
 A - 2 scrolls of fear
 B - 2 scrolls of magic mapping
 F - 5 scrolls of enchant weapon
 L - a scroll of immolation {!r}
Potions
 f - 7 potions of flight
 h - 2 potions of lignification {!q}
 m - a potion of ambrosia
 n - 4 potions of agility
 p - 2 potions of cancellation
 C - 2 potions of curing {@q1}
 D - 3 potions of invisibility
 I - a potion of resistance
Comestibles
 e - 38 rations {!d}


   Skills:
 + Level 15.8 Fighting
 * Level 19.5 Axes
 + Level 15.7 Armour
 + Level 8.4 Dodging
 - Level 9.0 Shields
 + Level 16.5 Invocations


You had 18 spell levels left.
You didn't know any spells.
Your spell library contained the following spells:

 Spells                   Type           Power        Failure   Level  Hunger
 Animate Skeleton         Necr           N/A          41%         1    ##.....
 Infusion                 Chrm           #...         41%         1    ##.....
 Magic Dart               Conj           #...         41%         1    ##.....
 Pain                     Necr           #...         41%         1    ##.....
 Sandblast                Erth           #.....       41%         1    ##.....
 Sting                    Conj/Pois      #...         41%         1    ##.....
 Call Imp                 Summ           #.......     54%         2    ###....
 Passwall                 Tmut/Erth      #.......     54%         2    ###....
 Poisonous Vapours        Pois/Air       #.....       54%         2    ###....
 Shroud of Golubria       Chrm/Tloc      #.....       54%         2    ###....
 Slow                     Hex            #.......     54%         2    ###....
 Song of Slaying          Chrm           #.......     54%         2    ###....
 Conjure Flame            Conj/Fire      #.......     78%         3    ####...
 Ignite Poison            Fire/Tmut/Pois #.......     78%         3    ####...
 Mephitic Cloud           Conj/Pois/Air  #.......     78%         3    ####...
 Regeneration             Chrm/Necr      #.........   78%         3    ####...
 Spectral Weapon          Hex/Chrm       #.......     78%         3    ####...
 Stone Arrow              Conj/Erth      #.....       78%         3    ####...
 Vampiric Draining        Necr           #.........   78%         3    ####...
 Animate Dead             Necr           N/A          99%         4    #####..
 Olgreb's Toxic Radiance  Pois           #.......     99%         4    #####..
 Petrify                  Tmut/Erth      #.......     99%         4    #####..
 Fireball                 Conj/Fire      #.........   100%        5    ######.
 Lee's Rapid Deconstruct  Erth           #.........   100%        5    ######.
 Venom Bolt               Conj/Pois      #.........   100%        5    ######.
 Bolt of Fire             Conj/Fire      #.........   100%        6    #######
 Ring of Flames           Chrm/Fire      #.........   100%        7    #######
 Ignition                 Fire           #.........   100%        8    #######
 Blink                    Tloc           Unusable     N/A         2    N/A

Dungeon Overview and Level Annotations

Branches:
Dungeon (15/15)            Temple (0/1) D:7            Lair (6/6) D:9
 Shoals (4/4) Lair:2        Snake (4/4) Lair:2        Slime (0/5) Lair:6
    Orc (2/2) D:11            Elf (0/3) Orc:2        Vaults (0/5) D:14
 Depths (0/5) D:15

Altars:
Ashenzari
Cheibriados
Elyvilon
Hepliaklqana
Kikubaaqudgha
Makhleb
Nemelex Xobeh
Okawaru
Qazlal
Ru
Sif Muna
Trog
Vehumet
Xom
The Shining One

Shops:
D:8 }   D:10 ?   D:15 [   Orc:2 [(*(

Annotations:
D:6 1 runed translucent door, Tungsten's ghost, amateur DDEE
D:14 exclusion: Roxanne, Roxanne
Shoals:4 Ilsuiw


Innate Abilities, Weirdness & Mutations

You cannot be hasted, slowed, berserked, paralysed or teleported.
You can dig through walls and to a lower floor.
Your four strong arms can wield two-handed weapons with a shield.
((You have a pair of large antennae on your head. (SInv)))
You have a somewhat thin skeletal structure. (Dex +2, Stealth)
((You are partially covered in yellow scales. (AC +2)))
You possess an exceptional clarity of mind.
Your muscles are strong. (Str +2)
You evolve.
You expend magic power (3 MP) to strengthen your wands.


Message History

You block the alligator snapping turtle's attack. x2
Okay, then.
Aim: an alligator snapping turtle A blizzard blasts the area with ice!
The blast of ice hits the alligator snapping turtle!!
The alligator snapping turtle is flash-frozen.
The blast of ice hits the snapping turtle!
The snapping turtle is flash-frozen.
The blast of ice hits something!
The blast of ice hits the alligator snapping turtle!!
The alligator snapping turtle is flash-frozen.
The blast of ice hits the water elemental!!
The water elemental is flash-frozen.
Something hits you but does no damage.
You block the merfolk javelineer's attack.
You block the alligator snapping turtle's attack.
Aim: an alligator snapping turtle (lightly wounded, encased in ice)
A storm cloud blasts the area with cutting wind!
The cutting wind hits the alligator snapping turtle!
The cutting wind hits the snapping turtle!
The cutting wind hits something!!!
The cutting wind hits the alligator snapping turtle!!
The cutting wind hits the merfolk avatar!!
You kill the merfolk avatar!
Qazlal accepts your kill.
The storm surrounding you is now too weak to repel missiles.
You will no longer adapt resistances upon receiving elemental damage.
Something hits you but does no damage.
You block the merfolk javelineer's attack.
The alligator snapping turtle bites you but does no damage.
Aim: an alligator snapping turtle (moderately wounded, encased in ice)
A blizzard blasts the area with ice!
The blast of ice hits the alligator snapping turtle!!
The blast of ice hits the snapping turtle!!!
You kill the snapping turtle!
Qazlal accepts your kill.
The blast of ice hits something!!
The blast of ice hits the alligator snapping turtle!!
The blast of ice hits the water elemental!!
You destroy the water elemental!
You hear a shout!
You block the merfolk javelineer's attack.
Something hits you but does no damage.
You block the alligator snapping turtle's attack.
The alligator snapping turtle bites you from afar!!
* * * LOW HITPOINT WARNING * * *
You feel better.
You block the merfolk javelineer's attack.
You hear some strange, mumbled words.
The alligator snapping turtle bites you from afar!!
You die...

≈## ..#........≈≈≈≈≈≈≈ ≈≈##
..#.#...≈≈≈≈≈≈≈≈≈≈≈≈≈ ≈(k##
...#....≈≈≈≈≈≈≈≈≈≈≈≈≈
≈≈mt####......≈≈≈≈≈≈≈≈≈≈≈≈≈
≈≈C.≈........≈≈≈≈≈≈≈≈≈≈≈≈≈≈
≈≈≈..≈≈......≈≈≈≈≈≈≈≈≈≈≈≈≈≈
≈≈.[.)........m..§≈≈≈≈≈≈≈≈≈
≈≈....†.......t)☼≈(≈≈≈≈≈≈≈≈
≈≈....E.......t○♣.(≈≈≈≈≈≈≈≈
≈≈...Et......E{##)≈≈≈≈≈≈≈≈≈
≈≈....m........##.(≈≈≈≈≈≈≈≈
≈≈≈..............<.≈≈≈≈≈≈≈≈
≈≈≈≈≈≈≈≈...<.......≈≈≈≈≈≈≈≈
≈≈≈≈≈≈≈...≈≈......≈≈≈≈≈≈≈≈≈
≈≈≈≈≈≈≈.≈≈≈≈≈....≈≈≈≈≈≈≈≈≈≈
≈≈≈≈≈≈≈≈≈≈≈≈≈≈≈≈≈≈≈≈≈≈≈≈≈≈≈
≈≈≈≈≈≈≈≈≈≈≈≈≈≈≈≈≈≈≈≈≈≈≈≈


You could see 2 alligator snapping turtles, a merfolk javelineer and a water
elemental.

Vanquished Creatures
  Vashnia (Snake:2)
  Nikola (Snake:2)
  Rupert (Lair:4)
  Polyphemus (Shoals:3)
  Gastronok (Lair:3)
  A frost giant (IceCv)
  5 nagarajas (Snake:4)
  Aizul (Snake:2)
  2 orc warlords
  A stone giant (Orc:2)
  2 entropy weavers (Lair:3)
  3 merfolk javelineers
  Josephine (D:14)
  7 merfolk impalers
  Erolcha (Orc:2)
  14 naga warriors
  5 anacondas
  4 hydras
  4 merfolk avatars
  4 centaur warriors
  A catoblepas (Shoals:3)
  4 ghost crabs (Lair:3)
  23 two-headed ogres
  2 alligator snapping turtles (Shoals:3)
  5 death yaks
  5 ogre magi
  An orc high priest (Orc:2)
  2 merfolk aquamancers (Shoals:4)
  21 naga sharpshooters
  4 shock serpents
  7 fire crabs
  2 salamander mystics
  8 sea snakes
  3 unseen horrors
  3 naga ritualists
  4 orc knights
  4 deep elf magi
  A necromancer (D:14)
  2 lindwurms
  An ugly thing (D:13)
  11 harpies
  7 salamanders
  A faun (shapeshifter) (D:14)
  4 cyclopes
  7 manticores
  An orc sorcerer (Orc:1)
  15 fauns
  18 black mambas
  4 merfolk sirens
  14 elephants
  An ice statue (IceCv)
  A water nymph (shapeshifter) (D:11)
  4 guardian serpents
  An apocalypse crab (Lair:3)
  36 naga magi
  7 spiny frogs
  2 gargoyles
  5 rime drakes (Lair:6)
  A kobold demonologist (D:13)
  2 freezing wraiths (D:14)
  A redback zombie (D:14)
  10 komodo dragons
  19 polar bears
  A queen bee (D:10)
  21 merfolk
  11 trolls
  2 hornets
  3 wind drakes (Shoals:4)
  A jumping spider (shapeshifter) (D:13)
  11 blink frogs
  A harpy skeleton (D:15)
  Prince Ribbit (D:6)
  4 snapping turtles
  4 slime creatures
  11 hippogriffs
  A spriggan (Lair:3)
  3 shadows
  4 water elementals
  Sigmund (D:2)
  74 yaks
  5 wraiths (D:14)
  3 wyverns
  3 fire bats (Volcano)
  4 steam dragons
  10 vampire mosquitoes
  4 hungry ghosts
  47 nagas
  Menkaure (D:6)
  Edmund (D:6)
  A soldier ant (D:15)
  6 wargs
  13 water moccasins
  5 porcupines
  5 hell hounds (Volcano)
  4 ice beasts
  45 orc warriors
  6 phantoms
  8 sky beasts
  2 black bears
  A necrophage (D:8)
  An eye of draining (D:11)
  33 wolves
  36 ogres
  26 centaurs
  13 crocodiles
  2 big kobolds
  Blork the orc (D:8)
  3 gnoll sergeants
  24 bullfrogs
  A wyvern skeleton (D:13)
  21 killer bees
  2 wights (D:8)
  6 electric eels
  3 howler monkeys
  6 crimson imps
  2 bullfrog zombies
  3 centaur zombies
  2 quasits (D:11)
  17 hounds
  5 jellies
  26 orc priests
  2 gnoll shamans
  4 bullfrog skeletons
  6 centaur skeletons
  3 iguanas
  28 orc wizards
  16 worker ants
  A hound skeleton (D:7)
  A worker ant zombie (D:6)
  Robin (D:2)
  16 gnolls
  14 adders
  5 shadow imps
  12 white imps (Lair:1)
  An ooze (D:3)
  3 adder skeletons
  2 worms
  5 dart slugs
  13 leopard geckos
  123 orcs
  3 giant cockroaches
  14 goblins
  23 hobgoblins
  6 jackals
  5 quokkas
  4 ball pythons
  9 bats
  8 frilled lizards
  A jackal zombie (D:6)
  21 kobolds
  A leopard gecko skeleton (D:7)
  4 rats
  4 fungi
  2 plants
1257 creatures vanquished.

Vanquished Creatures (others)
  A faun (Shoals:3)
  A salamander (Snake:2)
  A wind drake (Shoals:4)
  2 nagas (Snake:4)
  A quokka (D:9)
  A bush (Lair:4)
  A fire vortex (Lair:3)
  13 fungi
  11 plants
32 creatures vanquished.

Grand Total: 1289 creatures vanquished

Notes
Turn   | Place    | Note
-------+----------+-------------------------------------------
     0 | D:1      | vurker the Formicid Fighter began the quest for the Orb.
     0 | D:1      | Reached XP level 1. HP: 18/18 MP: 1/1
   193 | D:1      | Reached XP level 2. HP: 16/24 MP: 2/2
   679 | D:1      | Reached XP level 3. HP: 29/29 MP: 3/3
  1013 | D:2      | Noticed Sigmund
  1019 | D:2      | Noticed Robin
  1078 | D:2      | Found a sparkling altar of Nemelex Xobeh.
  1251 | D:2      | Killed Sigmund
  1251 | D:2      | Reached skill level 3 in Axes
  1251 | D:2      | Reached XP level 4. HP: 15/37 MP: 4/4
  1251 | D:2      | Reached XP level 5. HP: 17/42 MP: 5/5
  1251 | D:2      | Reached XP level 6. HP: 20/48 MP: 6/6
  1443 | D:2      | Reached skill level 4 in Axes
  1460 | D:2      | Killed Robin
  1960 | D:2      | Found a snail-covered altar of Cheibriados.
  1962 | D:2      | Found a stormy altar of Qazlal.
  1962 | D:2      | Found a burning altar of Makhleb.
  1963 | D:2      | Found a shimmering altar of Xom.
  1965 | D:2      | Found a sacrificial altar of Ru.
  1995 | D:2      | Became a worshipper of Qazlal Stormbringer
  2443 | D:3      | Found a sparkling altar of Nemelex Xobeh.
  2718 | D:4      | Reached skill level 5 in Shields
  2718 | D:4      | Reached skill level 1 in Invocations
  2854 | D:4      | Reached * piety under Qazlal
  2854 | D:4      | Reached XP level 7. HP: 40/55 MP: 7/7
  3074 | D:4      | Found a bloodstained altar of Trog.
  3216 | D:4      | Found an ancient bone altar of Kikubaaqudgha.
  3415 | D:4      | Reached skill level 5 in Axes
  3565 | D:4      | Reached skill level 5 in Fighting
  3936 | D:4      | Reached skill level 5 in Armour
  4009 | D:4      | Reached XP level 8. HP: 62/62 MP: 9/9
  4566 | D:5      | Entered Level 5 of the Dungeon
  4638 | D:5      | Reached ** piety under Qazlal
  4903 | D:5      | Reached skill level 6 in Axes
  5296 | D:5      | Reached XP level 9. HP: 41/69 MP: 11/11
  5460 | D:5      | Found a glowing golden altar of the Shining One.
  5645 | D:6      | Noticed Prince Ribbit
  5834 | D:6      | Noticed Menkaure
  5841 | D:6      | Killed Menkaure
  5841 | D:6      | Reached skill level 7 in Axes
  5987 | D:6      | Killed Prince Ribbit
  6229 | D:6      | Found a runed translucent door.
  6233 | D:6      | Noticed Tungsten's ghost (amateur DDEE)
  6375 | D:6      | Reached skill level 5 in Invocations
  6406 | D:6      | Noticed Edmund
  6432 | D:6      | Killed Edmund
  6871 | D:7      | Reached skill level 8 in Axes
  6875 | D:7      | Reached XP level 10. HP: 61/77 MP: 14/14
  7150 | D:7      | Found a bloodstained altar of Trog.
  7328 | D:7      | Reached *** piety under Qazlal
  8200 | D:7      | Found a staircase to the Ecumenical Temple.
  8395 | D:8      | Noticed Blork the orc
  8415 | D:8      | Killed Blork the orc
  8448 | D:8      | Reached skill level 9 in Axes
  8801 | D:8      | Found a deep blue altar of Sif Muna.
  8838 | D:8      | Found an iron altar of Okawaru.
  9192 | D:8      | Found Kaepodar's Gadget Shoppe.
  9504 | D:8      | Reached **** piety under Qazlal
  9505 | D:8      | Reached XP level 11. HP: 28/86 MP: 16/16
  9964 | D:9      | Reached skill level 10 in Axes
 10097 | D:9      | Found a white marble altar of Elyvilon.
 10097 | D:9      | Identified the ring of Xir Ahoe {rC++ Dex+2 Stlth-}
 10898 | D:9      | Found a staircase to the Lair.
 10933 | D:9      | Got a fine cloak
 11235 | D:9      | Identified the cursed +0 cloak of Tegg {MR+ rCorr} (You
                  | found it on level 9 of the Dungeon)
 11312 | D:10     | Entered Level 10 of the Dungeon
 11338 | D:10     | Reached ***** piety under Qazlal
 12116 | D:10     | Found Punapp's Magic Scroll Shop.
 12925 | D:11     | Reached skill level 11 in Axes
 13026 | D:11     | Reached XP level 12. HP: 90/95 MP: 18/18
 14638 | D:11     | Found a staircase to the Orcish Mines.
 14836 | Lair:1   | Entered Level 1 of the Lair of Beasts
 14992 | Lair:1   | Identified a scroll of acquirement
 14995 | Lair:1   | Got a pair of faintly glowing boots
 15282 | Lair:1   | Found a frozen archway.
 15310 | IceCv    | Entered an ice cave
 15362 | IceCv    | Identified the +0 pair of boots "Quqi Vu Bont" {rF+} (You
                  | acquired it on level 1 of the Lair of Beasts)
 15507 | IceCv    | Reached skill level 12 in Axes
 15551 | IceCv    | Reached skill level 10 in Fighting
 15560 | IceCv    | Reached ****** piety under Qazlal
 15687 | IceCv    | Reached skill level 10 in Armour
 15734 | IceCv    | Reached skill level 10 in Invocations
 15760 | IceCv    | Reached XP level 13. HP: 96/103 MP: 20/20
 16503 | IceCv    | Noticed a frost giant
 16520 | IceCv    | Reached skill level 13 in Axes
 16524 | IceCv    | Killed a frost giant
 17957 | Lair:2   | Found a staircase to the Shoals.
 18113 | Lair:2   | Found a staircase to the Snake Pit.
 18782 | Lair:2   | Gained mutation: You are agile. (Dex +2) [potion of
                  | mutation]
 18782 | Lair:2   | Gained mutation: Your system is resistant to poisons.
                  | (rPois) [potion of mutation]
 18783 | Lair:2   | Lost mutation: You are agile. (Dex +2) [potion of mutation]
 18783 | Lair:2   | Lost mutation: Your system is resistant to poisons. (rPois)
                  | [potion of mutation]
 18783 | Lair:2   | Gained mutation: Your muscles are strong. (Str +2) [potion
                  | of mutation]
 18783 | Lair:2   | Gained mutation: Armour fits poorly on your strangely
                  | shaped body. [potion of mutation]
 18783 | Lair:2   | Gained mutation: You evolve. [potion of mutation]
 18783 | Lair:2   | Gained mutation: You have a somewhat thin skeletal
                  | structure. (Dex +2, Stealth) [potion of mutation]
 18802 | Lair:3   | Noticed a six-headed hydra
 18813 | Lair:3   | Noticed a six-headed hydra
 18825 | Lair:2   | Killed a six-headed hydra
 19127 | Lair:3   | Killed a six-headed hydra
 19524 | Lair:3   | Noticed Gastronok
 19532 | Lair:3   | Killed Gastronok
 19532 | Lair:3   | Reached XP level 14. HP: 101/113 MP: 6/22
 19989 | Lair:3   | Found a runed translucent door.
 20147 | Lair:3   | Reached skill level 14 in Axes
 20158 | Lair:3   | Noticed an entropy weaver
 20166 | Lair:3   | Killed an entropy weaver
 20466 | Lair:3   | Noticed an entropy weaver
 20475 | Lair:3   | Killed an entropy weaver
 20653 | Lair:3   | Got a bloodstained scale mail
 20668 | Lair:3   | Identified the cursed +0 scale mail of Patterns {Int+3
                  | Dex+3} (You found it on level 3 of the Lair of Beasts)
 21248 | Lair:4   | You fall into a shaft and drop 2 floors!
 21248 | Lair:6   | Entered Level 6 of the Lair of Beasts
 21490 | Lair:6   | Reached skill level 15 in Axes
 21562 | Lair:6   | Gained mutation: You are partially covered in yellow
                  | scales. (AC +2) [evolution]
 21580 | Lair:6   | Reached XP level 15. HP: 41/121 MP: 24/24
 22237 | Lair:6   | Found a staircase to the Slime Pits.
 23173 | Lair:6   | Found a shimmering altar of Xom.
 24922 | Lair:4   | Noticed Rupert
 24934 | Lair:4   | Killed Rupert
 26124 | D:12     | Lost mutation: Armour fits poorly on your strangely shaped
                  | body. [evolution]
 26382 | D:12     | Found a shattered altar of Ashenzari.
 26384 | D:12     | Found a shimmering altar of Xom.
 26384 | D:12     | Found a deep blue altar of Sif Muna.
 26386 | D:12     | Found a radiant altar of Vehumet.
 26386 | D:12     | Found a stormy altar of Qazlal.
 26386 | D:12     | Found a hazy altar of Hepliaklqana.
 27071 | D:13     | Reached skill level 16 in Axes
 27184 | D:13     | Reached skill level 1 in Dodging
 27397 | D:13     | Reached XP level 16. HP: 125/130 MP: 26/26
 27938 | D:14     | Noticed Josephine
 27945 | D:14     | Killed Josephine
 28330 | D:14     | Identified Roxanne's Volume of the Mountains
 28330 | D:14     | Noticed Roxanne
 28609 | D:14     | Found a gate to the Vaults.
 28959 | D:15     | Entered Level 15 of the Dungeon
 29522 | D:15     | Found a staircase to the Depths.
 29733 | D:15     | Found Vinilaeda's Armour Boutique.
 29766 | D:15     | Found a snail-covered altar of Cheibriados.
 30143 | Orc:1    | Entered Level 1 of the Orcish Mines
 30652 | Orc:1    | Found a dark tunnel.
 30757 | Volcano  | Entered a volcano
 30771 | Volcano  | Reached skill level 17 in Axes
 30994 | Orc:2    | Entered Level 2 of the Orcish Mines
 31028 | Orc:2    | Reached XP level 17. HP: 93/138 MP: 27/27
 31049 | Orc:2    | Noticed Erolcha
 31166 | Orc:2    | Found a staircase to the Elven Halls.
 31295 | Orc:2    | Killed Erolcha
 31973 | Orc:2    | Reached skill level 5 in Dodging
 31975 | Orc:2    | Gained mutation: You possess an exceptional clarity of
                  | mind. [evolution]
 32125 | Orc:2    | Found Luhurgha's Assorted Antiques.
 32126 | Orc:2    | Found Neatucw's Weapon Boutique.
 32134 | Orc:2    | Found Tofrirha's Armour Shop.
 32134 | Orc:2    | Found Cowowin's Antique Weapon Shoppe.
 32443 | Orc:2    | Bought a pair of glowing gloves for 225 gold pieces
 32610 | Snake:1  | Entered Level 1 of the Snake Pit
 33924 | Snake:2  | Noticed Nikola
 33949 | Snake:2  | Killed Nikola
 34585 | Snake:2  | Noticed Aizul
 34609 | Snake:2  | Killed Aizul
 34609 | Snake:2  | Reached skill level 15 in Invocations
 35184 | Snake:2  | Noticed Vashnia
 35238 | Snake:2  | Reached XP level 18. HP: 97/147 MP: 4/29
 35242 | Snake:2  | Killed Vashnia
 35242 | Snake:2  | Reached skill level 18 in Axes
 37863 | Snake:3  | Got a jewelled scale mail
 37973 | Snake:4  | Entered Level 4 of the Snake Pit
 38423 | Snake:4  | Reached skill level 15 in Fighting
 38812 | Snake:4  | Reached skill level 15 in Armour
 39556 | Snake:4  | Reached XP level 19. HP: 107/155 MP: 24/30
 40157 | Snake:4  | Got a serpentine rune of Zot
 41075 | Snake:4  | Gained mutation: You expend magic power (3 MP) to
                  | strengthen your wands. [evolution]
 41203 | Shoals:1 | Entered Level 1 of the Shoals
 42378 | Shoals:3 | Reached skill level 19 in Axes
 43907 | Shoals:3 | Noticed Polyphemus
 43926 | Shoals:3 | Killed Polyphemus
 44435 | Shoals:4 | Entered Level 4 of the Shoals
 44454 | Shoals:4 | Noticed Ilsuiw
 45114 | Shoals:4 | Slain by an alligator snapping turtle

Levels and vault maps discovered:
D:1:      psy_arrival_statuary, layout_loops_ring
D:2:      layout_loops_ring, grunt_temple_overflow_open,
          nemelex_xobeh_ov_fountains_minmay, uniq_robin, uniq_sigmund
D:3:      layout_rooms, chequers_serial_rivers_micro_d,
          nemelex_dance_club_becter
D:4:      layout_gridville, kiku_gazebo_pond_becter, lightli_temple_of_fire,
          moated_statue
D:5:      layout_rooms, kennysheep_mini, first_ration,
          chequers_serial_rivers_micro_d, dk_noncrumbling_2
D:6:      layout_loops_ring, ebering_ghost_sewer_d, minmay_crystal_room,
          uniq_prince_ribbit1, uniq_menkaure, uniq_edmund
D:7:      kennysheep_housing_project, layout_loops_ring,
          minmay_temple_entry_purple_smoke, basic_altar
D:8:      layout_loops_cross, okawaru_altar_gauntlet_db, lemuel_blue_sif_altar,
          serial_shops, shop_fountains, sword_in_stone
D:9:      layout_basic, elyvilon_altar_4, erik_lair_island,
          chequers_serial_rivers_room_b
D:10:     layout_loops_cross, serial_shops, nicolae_shop_waterfront,
          david_nohive_1, kennysheep_generic_room_15
D:11:     layout_rooms, erik_orc_2
D:12:     layout_loops_corners, doesnt_xom_only_xom
D:13:     layout_roguey, minmay_alternating_orb
D:14:     layout_loops_ring, david_vaults_1, columned_hall_lemuel, uniq_roxanne,
          uniq_josephine
D:15:     grunt_enter_depths_magical_seal, layout_loops_ring, serial_shops,
          shop, cheibriados_altar_1
Lair:1:   layout_gridlike, portal_ice_cave_entry_imps
Lair:2:   layout_regular_city, minmay_shoals_entry_centaurs,
          guppyfry_snake_entry_island, serial_bayou_shore_b
Lair:3:   gammafunk_mikee_crab_dinner, layout_loops_ring,
          grunt_forest_stairs_clearing, uniq_gastronok
Lair:4:   layout_roguey, st_stairs_6, grunt_megastairs_5, serial_bayou_shore_a,
          uniq_rupert
Lair:5:   layout_hall_layers, chequers_serial_rivers_micro_a, minmay_hedge_maze,
          grunt_megastairs_2, lemuel_fruit_tree
Lair:6:   gammafunk_lair_ancient_temple, layout_regular_city, slime_dummy,
          basic_altar, grunt_megastairs_3
Shoals:1: layout_shoals
Shoals:2: layout_shoals
Shoals:3: layout_shoals, nicolae_shoals_hunting_party, uniq_polyphemus
Shoals:4: shoals_end_grunt_ice, layout_shoals, shoals_ilsuiw_alternative,
          serial_shops, shop, nicolae_shoals_cliffside_cave,
          nicolae_shoals_square_sea_wall
Snake:1:  layout_layer_cave
Snake:2:  layout_chambers, uniq_aizul, uniq_vashnia, uniq_nikola
Snake:3:  layout_honeycomb, st_stairs_9, drop_trap,
          nrook_guardian_serpent_ordinary
Snake:4:  snake_pit, layout_misc_corridors, corexii_hall_statues_t
Orc:1:    layout_caves, nicolae_volcano_entry_two_sided
Orc:2:    st_orc_ogre_mass, layout_caves, uniq_erolcha

Skill      XL: |  1  2  3  4  5  6  7  8  9 10 11 12 13 14 15 16 17 18 19 |
---------------+----------------------------------------------------------+-----
Shields        | 4 5 6 7 8 9 |  9.0
Fighting       | 4 5 6 8 9 10 11 12 13 14 15 | 15.8
Axes           | 3 4 5 6 8 9 11 12 13 15 16 17 18 19 | 19.5
Armour         | 4 5 6 7 8 10 11 12 13 14 15 | 15.7
Invocations    | 1 2 3 5 7 8 10 11 12 13 14 15 16 | 16.5
Dodging        | 1 4 6 7 8 |  8.4

Action                   |  1- 3 |  4- 6 |  7- 9 | 10-12 | 13-15 | 16-18 | 19-21 || total
-------------------------+-------+-------+-------+-------+-------+-------+-------++-------
Melee: War axe           |    97 |   127 |   357 |   514 |       |       |       ||  1095
       Battleaxe         |       |       |       |   497 |   885 |  1088 |   404 ||  2874
       Dire flail        |       |       |       |       |    16 |       |       ||    16
Invok: Upheaval          |       |       |       |     8 |    29 |    38 |     9 ||    84
       Disaster Area     |       |       |       |     1 |       |     3 |     1 ||     5
 Abil: Dig               |       |       |       |     5 |     1 |     4 |       ||    10
Evoke: Wand              |       |       |     2 |    13 |     7 |     1 |       ||    23
  Use: Potion            |     1 |       |       |     9 |     9 |     2 |    15 ||    36
       Scroll            |       |     5 |     6 |    10 |    11 |     9 |     1 ||    42
  Eat: Chunk             |     1 |     6 |    13 |    20 |    18 |     9 |     4 ||    71
       Ration            |       |       |       |     6 |     6 |    10 |     4 ||    26
Armor: Scale mail        |    46 |    46 |    14 |       |       |       |       ||   106
       Plate armour      |       |       |   122 |   352 |   264 |   240 |   180 ||  1158
       Skin              |       |       |       |    64 |       |       |    16 ||    80
Dodge: Dodged            |    30 |    52 |    75 |   171 |   181 |   232 |   185 ||   926
       Deflected         |       |       |       |    11 |    11 |    51 |    50 ||   123
Block: Shield            |    42 |    76 |   252 |  1020 |   808 |   980 |   483 ||  3661

Table legend:
 A = Non-vault XP
 B = Vault XP
 C = Vault XP percentage of total XP
 D = Non-vault monster count
 E = Vault monster count
 F = Vault count percentage of total count
                 A         B        C        D         E       F
            +---------+---------+-------+---------+---------+-------
      Total |  182321 |  149408 |  45.0 |     851 |     403 |  32.1
            +---------+---------+-------+---------+---------+-------
        D:1 |      31 |       2 |   6.1 |      19 |       1 |   5.0
        D:2 |      54 |     257 |  82.6 |      17 |      13 |  43.3
        D:3 |      79 |      10 |  11.2 |      20 |       2 |   9.1
        D:4 |     729 |       0 |   0.0 |      40 |       0 |   0.0
        D:5 |    1216 |       0 |   0.0 |      31 |       0 |   0.0
        D:6 |     493 |     591 |  54.5 |      10 |       3 |  23.1
        D:7 |     846 |     907 |  51.7 |      20 |      30 |  60.0
        D:8 |    1352 |     794 |  37.0 |      26 |      12 |  31.6
        D:9 |    3005 |     356 |  10.6 |      50 |       5 |   9.1
       D:10 |     328 |    1282 |  79.6 |       8 |      17 |  68.0
       D:11 |    4242 |    1083 |  20.3 |      39 |      21 |  35.0
       D:12 |    4177 |       0 |   0.0 |      23 |       0 |   0.0
       D:13 |   10711 |    2467 |  18.7 |      57 |      13 |  18.6
       D:14 |    9116 |    3953 |  30.2 |      39 |       9 |  18.8
       D:15 |    9630 |    5923 |  38.1 |      36 |       9 |  20.0
     Lair:1 |    3334 |     124 |   3.6 |      17 |      12 |  41.4
     Lair:2 |    4005 |     683 |  14.6 |      15 |       6 |  28.6
     Lair:3 |    3178 |   14603 |  82.1 |      16 |      19 |  54.3
     Lair:4 |    4674 |    3203 |  40.7 |       9 |       3 |  25.0
     Lair:5 |    2361 |     145 |   5.8 |      13 |       1 |   7.1
     Lair:6 |   13978 |   10962 |  44.0 |      49 |      35 |  41.7
   Shoals:1 |    3216 |       0 |   0.0 |       7 |       0 |   0.0
   Shoals:2 |   10654 |       0 |   0.0 |      21 |       0 |   0.0
   Shoals:3 |   21690 |    9405 |  30.2 |      36 |      11 |  23.4
   Shoals:4 |    1553 |    9497 |  85.9 |       6 |      14 |  70.0
    Snake:1 |    9416 |       0 |   0.0 |      14 |       0 |   0.0
    Snake:2 |   10202 |   15115 |  59.7 |      24 |       8 |  25.0
    Snake:3 |   18310 |    1639 |   8.2 |      41 |       5 |  10.9
    Snake:4 |   14165 |   28737 |  67.0 |      28 |      45 |  61.6
      Orc:1 |    7695 |    3819 |  33.2 |      68 |       6 |   8.1
      Orc:2 |    7881 |   16091 |  67.1 |      52 |      35 |  40.2
      IceCv |       0 |   14477 | 100.0 |       0 |      55 | 100.0
    Volcano |       0 |    3283 | 100.0 |       0 |      13 | 100.0
            +---------+---------+-------+---------+---------+-------
